 Dungeon Crawl Stone Soup version 0.24.0 (webtiles) character file.

Game seed: 10883962823291871816, levelgen mode: deterministic

119 Buxparty the Skirmisher (level 5, 0/34 HPs)
             Began as a Gargoyle Fighter on Apr 22, 2020.
             Slain by a shadow imp (1 damage)
             ... summoned by Natasha
             ... on level 2 of the Dungeon.
             The game lasted 00:04:08 (1353 turns).

Buxparty the Skirmisher (Gargoyle Fighter)          Turns: 1353, Time: 00:04:10

Health: 0/34       AC: 10    Str: 21    XL:     5   Next: 3%
Magic:  5/5        EV:  7    Int:  8    God:
Gold:   90         SH: 11    Dex:  9    Spells: 4/4 levels left

rFire    + . .     SeeInvis .   a - +0 long sword
rCold    + . .     Gourm    .   c - +0 shield
rNeg     + . .     Faith    .   b - +0 scale mail
rPois    ∞         Spirit   .   (no helmet)
rElec    +         Reflect  +   j - scarf {rC+ rF+}
rCorr    .         Harm     .   (no gloves)
MR       ++...                  (no boots)
Stlth    ..........             l - +2 amulet of reflection
HPRegen  0.11/turn              q - ring of protection from magic
MPRegen  0.09/turn              r - ring of protection from magic

@: no status effects
A: negative energy resistance 1, electricity resistance, unbreathing,
petrification resistance, rot immunity, AC +4
a: no special abilities


You were on level 2 of the Dungeon.
You were not hungry.

You visited 1 branch of the dungeon, and saw 2 of its levels.

You collected 90 gold pieces.

Inventory:

Hand Weapons
 a - a +0 long sword (weapon)
Armour
 b - a +0 scale mail (worn)
 c - a +0 shield (worn)
 j - a scarf of resistance (worn)
Jewellery
 l - a +2 amulet of reflection (around neck)
 q - a ring of protection from magic (left hand)
 r - a ring of protection from magic (right hand)
Scrolls
 e - 4 scrolls of identify {unknown}
 h - 2 scrolls of teleportation {unknown}
 i - a scroll of remove curse {unknown}
 n - a scroll of noise {unknown}
 p - a scroll of fog {unknown}
Potions
 d - a potion of might
 g - 2 potions of degeneration {unknown}
 k - a potion of curing {unknown}
 m - a potion of lignification {unknown}
Comestibles
 f - 4 rations
 o - a chunk of flesh


   Skills:
 + Level 4.3 Fighting
 * Level 3.9 Long Blades
 - Level 3.2 Armour
 - Level 3.2 Shields


You had 4 spell levels left.
You didn't know any spells.
Your spell library was empty.

Dungeon Overview and Level Annotations

Branches:
Dungeon (2/15)

Altars:
Wu Jian

Annotations:
D:2 Natasha


Innate Abilities, Weirdness & Mutations

You are resistant to torment.
Your stone body is resilient. (AC +4)
You are immune to poison.
You resist negative energy. (rN+)
You are resistant to electric shocks. (rElec)
You can survive without breathing.
You are immune to petrification.
You are immune to rotting.


Message History

You barely miss Natasha.
Natasha is almost dead.
Natasha claws you but does no damage. You block the shadow imp's attack.
You block the white imp's attack. The crimson imp hits you.
* * * LOW HITPOINT WARNING * * *
Unknown command.
Your shield prevents you from hitting Natasha.
Natasha is almost dead.
The shadow imp hits you but does no damage.
The white imp gestures at you.
The puff of frost hits you but does no damage.
You block Natasha's attack.
The crimson imp blinks!
Unknown command.
You miss Natasha.
Natasha is almost dead.
The white imp disappears in a puff of smoke!
Natasha claws you.
* * * LOW HITPOINT WARNING * * *
The shadow imp hits you.
You die...

#########.#### #######
#............# ......#
#.####.......#### #####.# #.#
#.........<. #.##.#
##.####...)....... ##..###
#.............####
.....###########..####.....(.#
..⌠........<...5h§.(##.......#
.....###########@§#.#####.####
##..#######.............#.##
.#.##......................######
.#.#..#####.###......##.#........
...)..# #.##...........#.......
.####.# #.##.......#...########
## #.#####.##.#.5#.##...####
#.............).........##### ###
#######.##.###.###...........


You could see Natasha, a crimson imp and a shadow imp.

Vanquished Creatures
  Natasha (twice) (D:2)
  3 adders (D:2)
  A worm (D:2)
  3 leopard geckos (D:1)
  2 bats (D:1)
  A giant cockroach (D:2)
  6 goblins
  6 hobgoblins
  2 jackals (D:1)
  7 kobolds
  A frilled lizard (D:1)
  3 rats (D:2)
37 creatures vanquished.

Notes
Turn   | Place    | Note
-------+----------+-------------------------------------------
     0 | D:1      | Buxparty the Gargoyle Fighter began the quest for the Orb.
     0 | D:1      | Reached XP level 1. HP: 14/14 MP: 1/1
    65 | D:1      | Reached XP level 2. HP: 19/19 MP: 2/2
   349 | D:1      | Reached XP level 3. HP: 20/24 MP: 3/3
   750 | D:2      | Found an ornate altar of the Wu Jian Council.
  1021 | D:2      | Reached skill level 4 in Fighting
  1021 | D:2      | Reached XP level 4. HP: 26/29 MP: 4/4
  1043 | D:2      | Noticed Natasha
  1056 | D:2      | Killed Natasha
  1283 | D:2      | Noticed Natasha
  1291 | D:2      | Killed Natasha
  1291 | D:2      | Reached XP level 5. HP: 13/34 MP: 5/5
  1328 | D:2      | Noticed Natasha
  1353 | D:2      | HP: 1/34 [Natasha (3)]
  1353 | D:2      | Slain by a shadow imp

Levels and vault maps discovered:
D:1:      minmay_arrival_shattered_statue, layout_basic, grunt_decor_arrowhead
D:2:      layout_loops_ring, lemuel_crystal_altar, grunt_ministairs_14,
          kennysheep_cluttered_room, uniq_natasha
